 Dungeon Crawl Stone Soup version 0.21.1-1-g345015f (webtiles) character file.

112 Flooderbenga the Grave Robber (level 4, 0/32 HPs)
             Began as a Gnoll Necromancer on Apr 10, 2018.
             Slain by a gnoll
             ... wielding a +0 halberd
              (7 damage)
             ... on level 2 of the Dungeon.
             The game lasted 00:18:10 (654 turns).

Flooderbenga the Grave Robber (Gnoll Necromancer)    Turns: 654, Time: 00:18:10

Health: 0/32       AC:  2    Str: 10    XL:     4   Next: 93%
Magic:  2/11       EV: 15    Int: 19    God:
Gold:   87         SH:  0    Dex: 15    Spells: 8/13 levels left

rFire    . . .     SeeInvis .   e - +0 dagger
rCold    . . .     Gourm    .   (no shield)
rNeg     . . .     Faith    .   a - +0 robe
rPois    .         Spirit   .   (no helmet)
rElec    .         Reflect  .   (no cloak)
rCorr    .         Harm     .   (no gloves)
MR       .....                  (no boots)
Stlth    ++........             (no amulet)
HPRegen  0.10/turn              q - ring of loudness (curse)
MPRegen  0.12/turn              (no ring)

@: no status effects
A: distributed training, fangs 1, strong nose
a: no special abilities


You were on level 2 of the Dungeon.
You were not hungry.

You visited 1 branch of the dungeon, and saw 3 of its levels.

You collected 87 gold pieces.

Inventory:

Hand Weapons
 e - a +0 dagger (weapon)
Missiles
 o - 24 stones (quivered)
Armour
 a - a +0 robe (worn)
 f - a +0 cloak
Jewellery
 q - a cursed ring of loudness (left hand)
 r - an uncursed ring of resist corrosion {unknown}
Scrolls
 g - a scroll of noise {unknown}
 j - a scroll of immolation {unknown}
 k - a scroll of identify {unknown}
 m - 4 scrolls of teleportation {unknown}
Potions
 d - a potion of lignification {unknown}
 h - a potion of might {unknown}
 i - a potion of heal wounds {unknown}
 l - a potion of agility {unknown}
 n - a potion of curing {unknown}
Books
 b - a book of Necromancy

   Spells                             Type                      Level
   a - Pain                           Necromancy                   1
   b - Animate Skeleton               Necromancy                   1
   c - Vampiric Draining              Necromancy                   3
   d - Regeneration                   Charms/Necromancy            3
   e - Animate Dead                   Necromancy                   4
   f - Borgnjor's Vile Clutch         Necromancy/Earth             5
Comestibles
 c - a ration
 p - a chunk of flesh


   Skills:
 + Level 1.2 Fighting
 + Level 1.2 Short Blades
 + Level 1.2 Long Blades
 + Level 1.2 Axes
 + Level 1.2 Maces & Flails
 + Level 1.2 Polearms
 + Level 1.2 Staves
 + Level 1.2 Slings
 + Level 1.2 Bows
 + Level 1.2 Crossbows
 + Level 1.2 Throwing
 + Level 1.2 Armour
 + Level 4.7 Dodging
 + Level 4.3 Stealth
 + Level 1.2 Shields
 + Level 1.2 Unarmed Combat
 + Level 5.1 Spellcasting
 + Level 1.0 Conjurations
 + Level 1.0 Hexes
 + Level 1.0 Charms
 + Level 1.0 Summonings
 + Level 7.1 Necromancy
 + Level 1.0 Translocations
 + Level 1.0 Transmutations
 + Level 1.0 Fire Magic
 + Level 1.0 Ice Magic
 + Level 1.0 Air Magic
 + Level 1.0 Earth Magic
 + Level 1.0 Poison Magic
 + Level 1.4 Invocations
 + Level 1.2 Evocations


You had 8 spell levels left.
You knew the following spells:

 Your Spells              Type           Power        Failure   Level  Hunger
a - Pain                  Necr           ####         1%          1    None
r - Regeneration          Chrm/Necr      ###.......   7%          3    ##.....
z - Animate Skeleton      Necr           N/A          1%          1    None


Dungeon Overview and Level Annotations

Branches:
Dungeon (3/15)

Altars:
Uskayaw
Wu Jian
Xom

Annotations:
D:3 exclusion: adder


Innate Abilities, Weirdness & Mutations

Your experience applies equally to all skills.
You have very sharp teeth.
Your uncanny sense of smell can sniff out nearby items.


Message History

Your skin is crawling a little less now.
The gnoll hits you from afar with a halberd!
* * * LOW HITPOINT WARNING * * *
You take 14 damage, and have 2/32 hp.
MASSIVE DAMAGE!!
You now have 0/11 mp.
An adder comes into view.
The adder hisses angrily.
Found a short sword.
Found 3 gold pieces.
Things that are here:
19 stones; a club; a goblin skeleton You regained 2 hp, and now have 8/32 hp.
Your skin stops crawling.
You can't see that place. [a stone staircase leading up.] Unknown command.
There is a stone staircase leading up here.
The rat bites you.
* * * LOW HITPOINT WARNING * * *
The gnoll hits you from afar with a halberd!
You die...

###..#####....# #(...#
#......>.# # #.....##....#
#....######.#.### #
#.###.......###.....# # #.#
###.......#.....# ..# #.#
##.#..#.....#.##..# #.#
###.#..####..#....# #.#
#.......# #..(##..# #.#
#......g####...#..# #.#
#.".....r@.......... #.#
#[........##......... #.#
#.......#.##.#.#.....) #.#
#.####..#....#...#.... #.#
#.# #..###..#..##...
#.####.####..............$
.. # #........##...........#
.. .
########.#.##..........###
.#.# .##
###.#...............####.#..


You could see a gnoll and a rat.

Vanquished Creatures
  Terence (D:3)
  Jessica (D:2)
  A gnoll (D:2)
  An adder (D:2)
  3 dart slugs
  A leopard gecko (D:1)
  3 bats
  2 giant cockroaches
  6 goblins
  3 hobgoblins
  3 jackals (D:2)
  4 frilled lizards
  3 kobolds (D:1)
  2 rats (D:2)
34 creatures vanquished.

Vanquished Creatures (collateral kills)
  A frilled lizard (D:1)
1 creature vanquished.

Grand Total: 35 creatures vanquished

Notes
Turn   | Place    | Note
-------+----------+-------------------------------------------
     0 | D:1      | Flooderbenga the Gnoll Necromancer began the quest for the Orb.
     0 | D:1      | Reached XP level 1. HP: 13/13 MP: 6/6
    27 | D:1      | Learned a level 1 spell: Animate Skeleton
    98 | D:1      | Reached XP level 2. HP: 10/19 MP: 2/7
   119 | D:2      | Noticed Jessica
   277 | D:2      | Found a hide-covered altar of Uskayaw.
   277 | D:2      | Noticed a hand axe
   277 | D:2      | Noticed a dagger
   319 | D:2      | Killed Jessica
   319 | D:2      | Reached skill level 5 in Spellcasting
   319 | D:2      | Reached skill level 1 in Invocations
   319 | D:2      | Reached XP level 3. HP: 9/25 MP: 3/9
   374 | D:2      | Reached skill level 1 in Fighting
   374 | D:2      | Reached skill level 1 in Short Blades
   374 | D:2      | Reached skill level 1 in Long Blades
   374 | D:2      | Reached skill level 1 in Axes
   374 | D:2      | Reached skill level 1 in Maces & Flails
   374 | D:2      | Reached skill level 1 in Polearms
   374 | D:2      | Reached skill level 1 in Staves
   374 | D:2      | Reached skill level 1 in Slings
   374 | D:2      | Reached skill level 1 in Bows
   374 | D:2      | Reached skill level 1 in Crossbows
   374 | D:2      | Reached skill level 1 in Throwing
   374 | D:2      | Reached skill level 1 in Armour
   374 | D:2      | Reached skill level 1 in Shields
   374 | D:2      | Reached skill level 1 in Unarmed Combat
   374 | D:2      | Reached skill level 1 in Evocations
   406 | D:2      | Reached XP level 4. HP: 5/32 MP: 0/11
   444 | D:1      | HP: 1/32 [dart slug/slug dart (4)]
   517 | D:2      | Learned a level 3 spell: Regeneration
   550 | D:3      | Found a shimmering altar of Xom.
   566 | D:3      | Noticed Terence
   571 | D:3      | Killed Terence
   571 | D:3      | Reached skill level 1 in Conjurations
   571 | D:3      | Reached skill level 1 in Hexes
   571 | D:3      | Reached skill level 1 in Charms
   571 | D:3      | Reached skill level 1 in Summonings
   571 | D:3      | Reached skill level 1 in Translocations
   571 | D:3      | Reached skill level 1 in Transmutations
   571 | D:3      | Reached skill level 1 in Fire Magic
   571 | D:3      | Reached skill level 1 in Ice Magic
   571 | D:3      | Reached skill level 1 in Air Magic
   571 | D:3      | Reached skill level 1 in Earth Magic
   571 | D:3      | Reached skill level 1 in Poison Magic
   593 | D:3      | Found an ornate altar of the Wu Jian Council.
   654 | D:2      | Slain by a gnoll

Skill      XL: |  1  2  3  4 |
---------------+-------------+-----
Spellcasting   | 5 |  5.1
Invocations    | 1 |  1.4
Fighting       | 1 |  1.2
Short Blades   | 1 |  1.2
Long Blades    | 1 |  1.2
Axes           | 1 |  1.2
Maces & Flails | 1 |  1.2
Polearms       | 1 |  1.2
Staves         | 1 |  1.2
Slings         | 1 |  1.2
Bows           | 1 |  1.2
Crossbows      | 1 |  1.2
Throwing       | 1 |  1.2
Armour         | 1 |  1.2
Shields        | 1 |  1.2
Unarmed Combat | 1 |  1.2
Evocations     | 1 |  1.2
Conjurations   | 1 |  1.0
Hexes          | 1 |  1.0
Charms         | 1 |  1.0
Summonings     | 1 |  1.0
Translocations | 1 |  1.0
Transmutations | 1 |  1.0
Fire Magic     | 1 |  1.0
Ice Magic      | 1 |  1.0
Air Magic      | 1 |  1.0
Earth Magic    | 1 |  1.0
Poison Magic   | 1 |  1.0
Dodging        | |  4.7
Stealth        | |  4.3
Necromancy     | |  7.1

Action                   |  1- 3 |  4- 6 || total
-------------------------+-------+-------++-------
Melee: Dagger            |     2 |     1 ||     3
Throw: Stone             |       |     1 ||     1
 Cast: Pain              |    37 |    22 ||    59
       Animate Skeleton  |     4 |     1 ||     5
       Regeneration      |       |     2 ||     2
 Stab: Sleeping          |     1 |     1 ||     2
Armor: Robe              |     1 |       ||     1
Dodge: Dodged            |     5 |     6 ||    11
